Map: Amphion LE

Players

Vindicta - Winner!

  • Race: Terran Terran
  • League: Grandmaster
  • Spawn Location: 7:00

PtHeGGzy (eGGz)

  • Race: Zerg Zerg
  • League: Grandmaster
  • Spawn Location: 11:00

VOD

Have the link to the VOD?

Description

Time

  • Played on: June 7, 2024, 8:34 p.m.
  • Length: 9:52
Show
View Real Time Build Order
Export as new Build Order

Vindicta Terran - Winner!

Build Orders: Reaper Expand, Hellion Banshee 

Get SALT Encoding   

  12  0:00  SCV  
  13  0:12  SCV  
  14  0:17  Supply Depot  
  14  0:24  SCV  
  15  0:39  SCV  
  15  0:40  Barracks  
  16  0:45  Refinery  
  16  0:51  SCV  
  17  1:03  SCV  
  18  1:15  SCV  
  19  1:28  Reaper, Orbital Command  
  20  1:43  Command Center  
  20  1:52  Supply Depot  
  20  1:54  SCV  
  20  2:00  Marine  
  22  2:07  SCV  
  23  2:12  Factory  
  23  2:19  SCV  
  23  2:22  Barracks Reactor  
  24  2:31  SCV  
  25  2:43  SCV  
  24  2:53  Command Center  
  24  2:55  SCV  
  28  3:06  Marine  
  28  3:08  SCV  
  28  3:11  Orbital Command  
  26  3:14  Starport  
  26  3:22  Refinery  
  26  3:23  Hellion  
  28  3:28  Hellion  
  28  3:33  SCV  
  31  3:34  Barracks Tech Lab  
  31  3:37  SCV  
  32  3:45  SCV  
  32  3:46  Hellion  
  35  3:49  SCV  
  35  3:52  Hellion  
  38  3:58  SCV  
  38  4:01  Banshee  
  42  4:03  SCV, Barracks Tech Lab  
  42  4:09  Orbital Command  
  43  4:14  SCV  
  44  4:17  SCV  
  45  4:26  SCV  
  45  4:28  Stimpack  
  45  4:29  SCV, Marine  
  48  4:35  SCV  
  49  4:38  SCV  
  49  4:39  Supply Depot  
  49  4:40  Hellion  
  49  4:41  SCV, Hellion  
  55  4:46  Banshee  
  55  4:47  SCV  
  55  4:50  SCV  
  60  4:54  SCV, Supply Depot  
  61  5:00  SCV  
  61  5:01  Hellion  
  61  5:02  SCV  
  61  5:03  Hellion  
  61  5:04  Supply Depot  
  61  5:06  SCV  
  68  5:12  SCV  
  68  5:13  Barracks  
  69  5:15  Barracks  
  69  5:19  SCV  
  69  5:20  Engineering Bay, SCV  
  71  5:21  Engineering Bay  
  72  5:32  SCV, Refinery x2  
  72  5:35  SCV  
  73  5:37  Marine  
  73  5:38  Factory Reactor  
  74  5:44  SCV  
  74  5:46  Supply Depot  
  74  5:47  Supply Depot  
  74  5:48  Terran Infantry Armor Level 1, Terran Infantry Weapons Level 1  
  74  5:49  SCV  
  76  5:51  Starport Reactor  
  76  5:54  Orbital Command  
  76  5:56  SCV  
  77  6:03  Barracks  
  77  6:04  Barracks  
  77  6:06  SCV  
  77  6:08  SCV  
  79  6:11  Marine  
  79  6:12  Marine, Supply Depot  
  79  6:13  Supply Depot  
  79  6:17  Combat Shield  
  79  6:18  SCV  
  82  6:19  Marine  
  82  6:20  SCV  
  84  6:26  SCV  
  84  6:29  Marine x2  
  84  6:30  SCV, Medivac x2, Supply Depot x2  
  92  6:33  Siege Tank  
  92  6:34  SCV  
  92  6:38  SCV, Marine  
  99  6:42  SCV  
  99  6:45  Marine, Armory  
  99  6:46  SCV  
  102  6:51  Barracks Reactor  
  102  6:52  Barracks Reactor  
  104  6:59  SCV x2  
  104  7:00  Barracks x2  
  104  7:01  Marine, Refinery, Barracks  
  105  7:03  Marine  
  105  7:05  Marine, Supply Depot  
  106  7:08  Siege Tank  
  106  7:10  SCV  
  106  7:11  SCV  
  106  7:12  Marine  
  106  7:14  Medivac  
  114  7:19  Marine  
  114  7:21  Marine  
  117  7:22  Marine  
  117  7:27  Supply Depot  
  117  7:28  Marine x4  
  122  7:30  Marine  
  122  7:33  Supply Depot  
  122  7:36  Marine x2, Supply Depot  
  124  7:38  Concussive Shells  
  124  7:39  Marine  
  124  7:40  Marine  
  124  7:42  Siege Tank  
  129  7:46  Marine x4  
  129  7:48  Barracks Tech Lab  
  129  7:49  Barracks Tech Lab  
  129  7:51  Barracks Tech Lab  
  133  7:57  Marine x2  
  133  7:58  Marauder, Marine  
  136  8:08  Marauder  
  136  8:09  Marine x2  
  136  8:10  Marauder  
  140  8:15  Marauder, Marine x2  
  140  8:18  Marine  
  140  8:19  Marauder, Medivac  
  148  8:20  Medivac  
  148  8:23  Supply Depot  
  148  8:24  Marine x2  
  148  8:25  Supply Depot  
  148  8:26  Marine  
  153  8:29  Marauder  
  153  8:30  Marine  
  153  8:32  Marauder  
  158  8:39  Marine x2  
  158  8:40  Marine  
  158  8:41  Marauder  
  165  8:44  Marine x2  
  167  8:49  Siege Tank  
  167  8:50  Marine x2  
  167  8:51  Marauder  
  167  8:52  Medivac  
  167  8:53  Marauder  
  176  8:55  Marine  
  176  8:57  Marine x2  
  176  9:00  Medivac  
  176  9:02  Supply Depot  
  181  9:05  SCV, Marine, Marauder  
  181  9:08  Marine  
  188  9:14  Marine  
  188  9:15  Ghost Academy, Marauder, Refinery  
  189  9:18  Marine  
  189  9:19  Marine  
  182  9:31  Marine x2  
  182  9:32  SCV, Marine x2  
  182  9:34  Marine  
  175  9:49  Command Center  
Show
View Real Time Build Order
Export as new Build Order

PtHeGGzy Zerg 

Build Orders: Pool First 

Get SALT Encoding   

  12  0:00  Drone  
  13  0:12  Overlord  
  13  0:18  Drone  
  14  0:32  Drone  
  14  0:34  Drone  
  16  0:42  Spawning Pool  
  15  0:45  Drone  
  15  0:49  Drone  
  17  1:11  Hatchery  
  17  1:13  Drone  
  17  1:28  Extractor  
  17  1:29  Zergling x6  
  19  1:34  Queen  
  21  1:40  Drone  
  22  1:52  Overlord  
  22  2:11  Drone  
  22  2:15  Drone  
  24  2:23  Drone  
  24  2:24  Drone, Queen  
  28  2:36  Drone x2  
  30  2:38  Metabolic Boost  
  30  2:42  Overlord  
  29  2:47  Drone  
  29  2:51  Drone x3  
  31  3:02  Hatchery  
  30  3:08  Queen  
  30  3:10  Drone  
  33  3:13  Drone  
  33  3:19  Drone x2  
  36  3:23  Drone x2  
  38  3:28  Drone  
  38  3:30  Drone  
  40  3:35  Overlord  
  40  3:38  Overlord  
  40  3:39  Drone  
  41  3:44  Zergling x4  
  41  3:45  Roach Warren  
  42  3:53  Overlord  
  42  3:55  Queen  
  42  3:57  Zergling x2  
  45  4:03  Drone  
  45  4:04  Overlord  
  46  4:11  Drone  
  46  4:12  Drone x2  
  46  4:15  Spore Crawler  
  46  4:16  Drone  
  49  4:18  Zergling x10  
  49  4:23  Queen  
  56  4:28  Drone x2  
  56  4:29  Drone  
  59  4:31  Spore Crawler  
  59  4:36  Drone x2  
  60  4:39  Drone  
  60  4:44  Roach  
  63  4:47  Roach x3  
  63  4:51  Drone, Extractor, Evolution Chamber  
  63  4:52  Drone  
  69  4:59  Overlord  
  69  5:00  Spore Crawler  
  69  5:02  Drone x3  
  69  5:07  Drone x2, Overlord  
  73  5:15  Drone  
  73  5:16  Overlord  
  73  5:17  Overlord  
  73  5:18  Lair  
  73  5:20  Drone  
  75  5:24  Drone x3  
  78  5:30  Overlord  
  78  5:33  Overlord  
  78  5:34  Drone x4  
  82  5:41  Spore Crawler, Drone  
  82  5:42  Drone x3  
  85  5:45  Zerg Ground Armor Level 1  
  85  5:48  Roach  
  85  5:49  Roach  
  89  5:52  Drone x2  
  91  5:57  Roach x2  
  91  5:59  Overlord  
  91  6:03  Overlord  
  94  6:17  Glial Reconstitution  
  94  6:19  Drone x10, Extractor  
  94  6:20  Extractor  
  94  6:23  Roach x2  
  100  6:25  Hatchery  
  100  6:29  Drone x3  
  101  6:34  Extractor  
  101  6:35  Extractor  
  101  6:36  Drone x3  
  102  6:41  Drone x3  
  102  6:43  Infestation Pit  
  104  6:49  Overseer  
  104  6:50  Queen x2  
  108  6:59  Roach x5  
  118  7:05  Overlord  
  118  7:11  Overlord  
  118  7:12  Drone x2  
  120  7:26  Roach x10  
  120  7:28  Hatchery  
  139  7:30  Hive  
  139  7:36  Spore Crawler x2  
  137  7:38  Roach x4  
  145  7:52  Drone x7  
  145  7:55  Drone  
  152  8:14  Baneling Nest  
  152  8:15  Drone x2  
  152  8:16  Evolution Chamber  
  152  8:19  Drone  
  153  8:20  Drone x7  
  153  8:21  Overlord  
  153  8:22  Extractor  
  159  8:31  Overlord, Ravager  
  160  8:38  Hatchery, Spore Crawler  
  160  8:40  Overlord  
  157  8:43  Overlord  
  157  8:47  Ultralisk Cavern  
  156  8:52  Viper x2  
  156  8:55  Zergling x22  
  173  9:01  Zergling x14  
  180  9:04  Ravager x2  
  180  9:06  Hatchery  
  180  9:07  Zergling x10  
  186  9:12  Overlord  
  186  9:15  Baneling x4  
  186  9:22  Overlord  
Tags
 
Add a new tag
Caveats
  • Supply blocks, unpowered buildings, or Contaminate may cause inaccurate times.
  • Supply counts are checked every 10 seconds.